 Dungeon Sprint DCSS version 0.22-a0-351-g29664b41f0 (webtiles) character file.

70 Pa55enger the Slasher (level 4, -1/43 HPs)
             Began as a Gnoll Berserker on Apr 13, 2018.
             Was a Priest of Trog.
             Slain by an orc wizard
             ... wielding a +0 dagger
              (4 damage)
             ... in the Dungeon (Sprint IX: "|||||||||||||||||||||||||||||").
             The game lasted 00:00:21 (68 turns).

Pa55enger the Slasher (Gnoll Berserker)               Turns: 68, Time: 00:00:22

Health: -1/43      AC:  2    Str: 19    XL:     4   Next: 21%
Magic:  5/7        EV: 15    Int: 10    God:    Trog [***...]
Gold:   0          SH:  0    Dex: 15    Spells: 7/7 levels left

rFire    . . .     SeeInvis .   a - +0 falchion
rCold    . . .     Gourm    .   (no shield)
rNeg     . . .     Faith    .   b - +0 animal skin
rPois    .         Spirit   .   (no helmet)
rElec    .         Reflect  .   (no cloak)
rCorr    .         Harm     .   (no gloves)
MR       ++...     NoTele   +   (no boots)
Stlth    ++........             (no amulet)
HPRegen  1.14/turn              (no ring)
MPRegen  0.10/turn              (no ring)

@: berserk cooldown, regenerating, slowed, very slow
A: distributed training, fangs 1, strong nose
a: Berserk, Trog's Hand, Renounce Religion


You were in the Dungeon.
You worshipped Trog.
Trog was most pleased with you.
You were not hungry.

You visited 1 branch

Inventory:

Hand Weapons
 a - a +0 falchion (weapon)
Armour
 b - a +0 animal skin (worn)
Scrolls
 i - a scroll of blinking
Potions
 d - a potion of curing
 e - a potion of heal wounds
 f - a potion of haste
 g - 2 potions of magic
 h - a potion of berserk rage
Comestibles
 c - a ration


   Skills:
 + Level 7.0 Fighting
 + Level 2.4 Short Blades
 + Level 7.0 Long Blades
 + Level 2.4 Axes
 + Level 2.4 Maces & Flails
 + Level 2.4 Polearms
 + Level 2.4 Staves
 + Level 2.4 Slings
 + Level 2.4 Bows
 + Level 2.4 Crossbows
 + Level 2.4 Throwing
 + Level 5.2 Armour
 + Level 5.2 Dodging
 + Level 2.4 Stealth
 + Level 2.4 Shields
 + Level 2.4 Unarmed Combat
 + Level 2.4 Spellcasting
 + Level 2.0 Conjurations
 + Level 2.0 Hexes
 + Level 2.0 Charms
 + Level 2.0 Summonings
 + Level 2.0 Necromancy
 + Level 2.0 Translocations
 + Level 2.0 Transmutations
 + Level 2.0 Fire Magic
 + Level 2.0 Ice Magic
 + Level 2.0 Air Magic
 + Level 2.0 Earth Magic
 + Level 2.0 Poison Magic
 + Level 2.7 Invocations
 + Level 2.4 Evocations


You had 7 spell levels left.
You didn't know any spells.

Dungeon Overview and Level Annotations

Branches:
Dungeon (1/1)

Altars:


Innate Abilities, Weirdness & Mutations

Your experience applies equally to all skills.
You have very sharp teeth.
Your uncanny sense of smell can sniff out nearby items.


Message History

Something hits you.
* * * LOW HITPOINT WARNING * * *
Your skin crawls.
You feel resistant to hostile enchantments.
You feel somewhat more hungry. Something hits you but does no damage.
You miss something. Something hits you.
* * * LOW HITPOINT WARNING * * *
Something hits you but does no damage.
You miss something. Something barely misses you.
You hit something.
You hear some strange, mumbled words.
A magic dart appears from out of thin air!
The magic dart hits you!
* * * LOW HITPOINT WARNING * * *
You hear some strange, mumbled words.
A puff of frost appears from out of thin air!
The puff of frost hits you!
* * * LOW HITPOINT WARNING * * *
You closely miss something. Something hits you.
You die...

▓.▓
▓'▓
▓)▓
▓.▓
▓.▓
∆
▓.▓
∆
▓.▓
∆
▓'▓
∆
▓@▓
∆
▓{▓
∆
▓h▓
∆
▓.▓
∆
▓.▓
∆
▓+▓
∆ ∆


You could see a jackal.

Vanquished Creatures
  A scorpion (D)
  An adder (D)
  A dart slug (D)
  2 goblins (D)
  3 frilled lizards (D)
8 creatures vanquished.

Vanquished Creatures (others)
  2 spatial maelstroms (D)
2 creatures vanquished.

Grand Total: 10 creatures vanquished

Notes
Turn   | Place    | Note
-------+----------+-------------------------------------------
     0 | D        | Pa55enger the Gnoll Berserker began the quest for the Orb.
     0 | D        | Reached XP level 1. HP: 23/23 MP: 1/1
     3 | D        | Banished a spatial maelstrom
    10 | D        | Reached ** piety under Trog
    12 | D        | Reached skill level 1 in Invocations
    16 | D        | Reached skill level 1 in Short Blades
    16 | D        | Reached skill level 1 in Axes
    16 | D        | Reached skill level 1 in Maces & Flails
    16 | D        | Reached skill level 1 in Polearms
    16 | D        | Reached skill level 1 in Staves
    16 | D        | Reached skill level 1 in Slings
    16 | D        | Reached skill level 1 in Bows
    16 | D        | Reached skill level 1 in Crossbows
    16 | D        | Reached skill level 1 in Throwing
    16 | D        | Reached skill level 1 in Stealth
    16 | D        | Reached skill level 1 in Shields
    16 | D        | Reached skill level 1 in Unarmed Combat
    16 | D        | Reached skill level 1 in Spellcasting
    16 | D        | Reached skill level 1 in Evocations
    16 | D        | Reached XP level 2. HP: 22/29 MP: 1/3
    23 | D        | Banished a spatial maelstrom
    41 | D        | Noticed a scorpion
    48 | D        | Killed a scorpion
    48 | D        | Reached *** piety under Trog
    48 | D        | Reached skill level 5 in Armour
    48 | D        | Reached skill level 5 in Dodging
    48 | D        | Reached skill level 1 in Conjurations
    48 | D        | Reached skill level 1 in Hexes
    48 | D        | Reached skill level 1 in Charms
    48 | D        | Reached skill level 1 in Summonings
    48 | D        | Reached skill level 1 in Necromancy
    48 | D        | Reached skill level 1 in Translocations
    48 | D        | Reached skill level 1 in Transmutations
    48 | D        | Reached skill level 1 in Fire Magic
    48 | D        | Reached skill level 1 in Ice Magic
    48 | D        | Reached skill level 1 in Air Magic
    48 | D        | Reached skill level 1 in Earth Magic
    48 | D        | Reached skill level 1 in Poison Magic
    48 | D        | Reached XP level 3. HP: 36/36 MP: 3/6
    48 | D        | Reached XP level 4. HP: 43/43 MP: 3/7
    67 | D        | HP: 2/43 [something/puff of frost (6)]
    68 | D        | Slain by an orc wizard

Vault maps used:
D:        linesprint

Skill      XL: |  1  2  3  4 |
---------------+-------------+-----
Invocations    | 1 2 |  2.7
Short Blades   | 1 2 |  2.4
Axes           | 1 2 |  2.4
Maces & Flails | 1 2 |  2.4
Polearms       | 1 2 |  2.4
Staves         | 1 2 |  2.4
Slings         | 1 2 |  2.4
Bows           | 1 2 |  2.4
Crossbows      | 1 2 |  2.4
Throwing       | 1 2 |  2.4
Stealth        | 1 2 |  2.4
Shields        | 1 2 |  2.4
Unarmed Combat | 1 2 |  2.4
Spellcasting   | 1 2 |  2.4
Evocations     | 1 2 |  2.4
Fighting       | 7 |  7.0
Long Blades    | 7 |  7.0
Armour         | 5 |  5.2
Dodging        | 5 |  5.2
Conjurations   | 1 2 |  2.0
Hexes          | 1 2 |  2.0
Charms         | 1 2 |  2.0
Summonings     | 1 2 |  2.0
Necromancy     | 1 2 |  2.0
Translocations | 1 2 |  2.0
Transmutations | 1 2 |  2.0
Fire Magic     | 1 2 |  2.0
Ice Magic      | 1 2 |  2.0
Air Magic      | 1 2 |  2.0
Earth Magic    | 1 2 |  2.0
Poison Magic   | 1 2 |  2.0

Action                   |  1- 3 |  4- 6 || total
-------------------------+-------+-------++-------
Melee: Falchion          |    17 |    17 ||    34
       Bite              |     3 |       ||     3
Invok: Berserk           |     1 |       ||     1
       Trog's Hand       |       |     1 ||     1
Armor: Animal skin       |       |     2 ||     2
Dodge: Dodged            |     6 |     4 ||    10
       Rpst.: Falchion   |     3 |     1 ||     4

Table legend:
 A = Spawn XP
 B = Non-spawn XP
 C = Spawn XP percentage of total XP
 D = Spawn monster count
 E = Non-spawn monster count
 F = Spawn count percentage of total count
 G = Total turns spent on level
                    A         B        C        D         E        F      G
               +---------+---------+-------+---------+---------+-------+---------
         Total |       0 |     100 |   0.0 |       0 |       8 |   0.0 |    68
               +---------+---------+-------+---------+---------+-------+---------
             D |       0 |     100 |   0.0 |       0 |       8 |   0.0 |    68
               +---------+---------+-------+---------+---------+-------+---------
